 Dungeon Crawl Stone Soup version 0.26-a0-800-g517d6fe721 (webtiles) character file.

Game seed: 7303467038097704918

882063 Conn the Sorcerer (level 27, -10/195 HPs)
             Began as an Octopode Fire Elementalist on Nov 9, 2020.
             Was the Champion of Sif Muna.
             Killed from afar by a hell hog (11 damage)
             ... with a fireball
             ... on level 1 of Gehenna on Nov 11, 2020.
             The game lasted 12:34:17 (129126 turns).

Conn the Sorcerer (Octopode Fire Elementalist)    Turns: 129126, Time: 12:34:18

Health: -10/195    AC:  4    Str: 17    XL:     27
Magic:  0/70       EV: 28    Int: 44    God:    Sif Muna [******]
Gold:   4217       SH: 29    Dex: 20    Spells: 3/77 levels left

rFire    + + .     SeeInvis +   b - staff of conjuration
rCold    + + +     Faith    .   G - +5 kite shield {AC+3}
rNeg     + + +     Spirit   +   (helmet restricted)
rPois    +         Reflect  .   n - brooch of Shielding {Spirit SH+8}
rElec    +         Harm     .   l - ring "Luoj" {MP+9 Int+6}
rCorr    +         Rampage  .   P - ring "Judupp" {Fire MR- Str+4 SInv Stlth+}
MR       +....     Rnd*Tele +   s - ring of Fixation {rCorr Str+4 Int+7 Dex+4}
Stlth    +++++++...             Y - ring of Muer Jysch {*Drain rElec rF- rN+++ Int+6}
HPRegen  0.42/turn              e - ring of Impatience {rC+++ rCorr Str-3}
MPRegen  0.42/turn              g - ring "Ropramay" {+Fly MP+9 Str+5 Int-2 Slay+2}
                                q - -4 ring of strength (curse)
                                K - ring of Summertime {Wiz rF+}

@: about to teleport, resistant
A: almost no armour, stealthy swim, amphibious, 8 rings, constrict 8, antennae
1, fangs 1, tentacle spike 1, camouflage 1, agile 1, blurry vision 1, sense
surroundings 1, strong 1, teleportitis 1, gelatinous body 1, evolution 1,
subdued magic 1
}: 5/15 runes: decaying, barnacled, slimy, iron, icy
a: Channel Magic, Forget Spell, Divine Exegesis, Renounce Religion, Evoke Flight


You were on level 1 of Gehenna.
You worshipped Sif Muna.
Sif Muna was exalted by your worship.
You visited 12 branches of the dungeon, and saw 57 of its levels.
You also visited: Trove, Sewer, Ossuary, Ice Cave and Volcano.

You collected 6335 gold pieces.
You spent 2118 gold pieces at shops.

Inventory:

Hand Weapons
 a - the +12 scimitar of Pride {elec, rPois rN+ SInv}
   (You took it off a deep elf high priest on level 3 of the Elven Halls)

   Occasionally, upon striking a foe, it will discharge some electrical energy
   and cause terrible harm.
   It protects you from poison.
   It protects you from negative energy.
   It lets you see invisible.
 w - the +5 flail "Orb Guardian's Death" {vorpal, rPois Str+4}
   (You found it on level 7 of the Dungeon)

   It inflicts extra damage upon your enemies.
   It affects your strength (+4).
   It protects you from poison.
 y - the +4 staff of Dispater
   (You took it off Dispater on level 7 of the Iron City of Dis)
 F - a +7 dagger of flaming
 J - the +2 falchion of Luxury {vorpal, +Fly rC+ Stlth+}
   (You found it on level 2 of the Elven Halls)

   It inflicts extra damage upon your enemies.
   It protects you from cold.
   It lets you fly.
   It makes you more stealthy.
Missiles
 z - 14 curare-tipped darts (quivered)
Armour
 u - a +3 buckler
 G - a +5 kite shield of protection (worn)
Magical Staves
 b - an uncursed staff of conjuration (weapon)
Jewellery
 c - an uncursed amulet of magic regeneration
 e - the ring of Impatience (on tentacle) {rC+++ rCorr Str-3}
   (You took it off a deep elf high priest on level 3 of the Elven Halls)

   [ring of resist corrosion]

   It affects your strength (-3).
   It renders you almost immune to cold.
   It provides partial protection from all sources of acid and corrosion.
 f - the ring of the Mage {Wiz MR++ Int+3}
   (You bought it in a shop on level 1 of the Elven Halls)

   [ring of wizardry]

   It improves your spell success rate.
   It affects your intelligence (+3).
   It affects your resistance to hostile enchantments.
 g - the ring "Ropramay" (on tentacle) {+Fly MP+9 Str+5 Int-2 Slay+2}
   (You found it in a treasure trove)

   [ring of magical power]

   It affects your strength (+5).
   It affects your intelligence (-2).
   It affects your accuracy and damage with ranged weapons and melee attacks
   (+2).
   It affects your magic capacity (+9).
   It lets you fly.
 j - an uncursed amulet of reflection
 l - the ring "Luoj" (left tentacle) {MP+9 Int+6}
   (You found it in a treasure trove)

   [ring of intelligence]

   It affects your intelligence (+6).
   It affects your magic capacity (+9).
 n - the brooch of Shielding (around mantle) {Spirit SH+8}
   (You took it off a deep elf annihilator on level 3 of the Elven Halls)

   [amulet of guardian spirit]

   It causes incoming damage to be split between your health and magic.
   It affects your SH (+8).
 p - the amulet of Xere {Inacc rF+ Int+2 Stlth+}
   (You found it on level 5 of the Pits of Slime)

   [amulet of inaccuracy]

   It reduces the accuracy of all your attacks.
   It affects your intelligence (+2).
   It protects you from fire.
   It makes you more stealthy.
 q - a cursed -4 ring of strength (on tentacle)
 s - the ring of Fixation (on tentacle) {rCorr Str+4 Int+7 Dex+4}
   (You found it in a treasure trove)

   [ring of resist corrosion]

   It affects your strength (+4).
   It affects your intelligence (+7).
   It affects your dexterity (+4).
   It provides partial protection from all sources of acid and corrosion.
 v - the amulet of Leeggexo {Regen+ SInv}
   (You took it off an iron imp on level 7 of the Iron City of Dis)

   [amulet of regeneration]

   It lets you see invisible.
   It increases your rate of regeneration.
 x - the amulet "Isuwap" {Faith rElec Int+4}
   (You found it on level 3 of the Shoals)

   [amulet of faith]

   It allows you to gain divine favour quickly.
   It affects your intelligence (+4).
   It insulates you from electricity.
 H - the ring "Oputafosk" {rC+ Str+4}
   (You found it in a treasure trove)

   [ring of protection from cold]

   It affects your strength (+4).
   It protects you from cold.
 K - the ring of Summertime (on tentacle) {Wiz rF+}
   (You found it in a treasure trove)

   [ring of wizardry]

   It improves your spell success rate.
   It protects you from fire.
 O - the ring "Onwis" {rElec rF+ MR- Dex+4}
   (You found it in a treasure trove)

   [ring of protection from fire]

   It affects your dexterity (+4).
   It protects you from fire.
   It insulates you from electricity.
   It affects your resistance to hostile enchantments.
 P - the ring "Judupp" (right tentacle) {Fire MR- Str+4 SInv Stlth+}
   (You found it on level 5 of the Pits of Slime)

   [ring of fire]

   It enhances your fire magic.
   It affects your strength (+4).
   It protects you from fire.
   It makes you vulnerable to cold.
   It affects your resistance to hostile enchantments.
   It lets you see invisible.
   It makes you more stealthy.
 S - the ring "Idio" {*Contam rC+ MR++ rCorr Dex-2}
   (You found it on level 10 of the Dungeon)

   [ring of resist corrosion]

   It affects your dexterity (-2).
   It protects you from cold.
   It affects your resistance to hostile enchantments.
   It causes magical contamination when unequipped.
   It provides partial protection from all sources of acid and corrosion.
 V - an uncursed ring of fire
 W - an uncursed ring of wizardry
 Y - the ring of Muer Jysch (on tentacle) {*Drain rElec rF- rN+++ Int+6}
   (You found it in a treasure trove)

   [ring of intelligence]

   It affects your intelligence (+6).
   It makes you vulnerable to fire.
   It insulates you from electricity.
   It renders you almost immune to negative energy.
   It causes draining when unequipped.
Wands
 i - a wand of paralysis (11)
 M - a wand of enslavement (22)
 N - a wand of acid (24)
 Z - a wand of digging (2)
Scrolls
 h - 8 scrolls of teleportation
 k - 2 scrolls of magic mapping
 m - 20 scrolls of identify
 t - 5 scrolls of fog
 L - 2 scrolls of immolation
 Q - 9 scrolls of remove curse
Potions
 d - 6 potions of curing
 o - 2 potions of might
 r - 9 potions of brilliance
Miscellaneous
 C - the horn of Geryon


   Skills:
 * Level 17.8 Fighting
 + Level 4.1(5.0) Short Blades
 + Level 4.2(5.0) Long Blades
 + Level 6.3(10.4) Maces & Flails
 * Level 12.6(13.1) Staves
 + Level 1.6 Throwing
 * Level 16.6 Dodging
 - Level 9.3 Stealth
 + Level 18.8 Shields
 + Level 0.2 Unarmed Combat
 + Level 25.9 Spellcasting
 + Level 22.5 Conjurations
   Level 0.1 Hexes
 - Level 10.0 Summonings
 + Level 9.5 Translocations
   Level 1.3 Transmutations
 + Level 21.1 Fire Magic
 + Level 15.6 Ice Magic
 * Level 12.7 Earth Magic
 + Level 10.5 Invocations
 + Level 10.0 Evocations


You had 3 spell levels left.
You knew the following spells:

 Your Spells              Type           Power        Failure   Level
a - Foxfire               Conj/Fire      ####         0%          1
b - Fire Storm            Conj/Fire      #########.   1%          9
c - Lehudib's Crystal Sp  Conj/Erth      ########..   1%          8
d - Iskenderun's Mystic   Conj/Tloc      ########     0%          4
e - Fireball              Conj/Fire      #########.   0%          5
f - Orb of Destruction    Conj           ########..   0%          7
g - Summon Greater Demon  Summ           #######...   1%          7
h - Absolute Zero         Ice            #######...   16%         9
i - Ignition              Fire           ########..   1%          8
j - Freeze                Ice            ####         0%          1
k - Blink                 Tloc           N/A          0%          2
l - Spellforged Servitor  Conj/Summ      ########..   1%          7
m - Dispersal             Tloc           #######...   1%          6

Your spell library contained the following spells:

 Spells                   Type           Power        Failure   Level
 Apportation              Tloc           ######       0%          1
 Magic Dart               Conj           ####         0%          1
 Sandblast                Erth           ######       0%          1
 Shock                    Conj/Air       ####         0%          1
 Summon Small Mammal      Summ           ####         0%          1
 Call Imp                 Summ           #######.     0%          2
 Ensorcelled Hibernation  Hex/Ice        ######       0%          2
 Passwall                 Tmut/Erth      #######.     0%          2
 Searing Ray              Conj           ######       0%          2
 Call Canine Familiar     Summ           #######.     0%          3
 Conjure Flame            Conj/Fire      ########     0%          3
 Dazzling Flash           Conj/Hex       ######       0%          3
 Frozen Ramparts          Ice            ######       0%          3
 Gell's Gravitas          Tloc           #######...   0%          3
 Ignite Poison            Fire/Tmut/Pois #######.     0%          3
 Inner Flame              Hex/Fire       ########     0%          3
 Lesser Beckoning         Tloc           #######...   0%          3
 Mephitic Cloud           Conj/Pois/Air  #######.     0%          3
 Ozocubu's Armour         Ice            #######.     0%          3
 Static Discharge         Conj/Air       ########     0%          3
 Stone Arrow              Conj/Erth      ######       0%          3
 Teleport Other           Tloc           #######.     0%          3
 Animate Skeleton         Necr           #####.       1%          1
 Beastly Appendage        Tmut           ######       1%          1
 Corona                   Hex            #####..      1%          1
 Pain                     Necr           ####         1%          1
 Sting                    Tmut/Pois      ####         1%          1
 Corpse Rot               Necr/Air       N/A          1%          2
 Poisonous Vapours        Pois/Air       #####.       1%          2
 Slow                     Hex            #####...     1%          2
 Sublimation of Blood     Necr           #####.....   1%          2
 Swiftness                Air            #####...     1%          2
 Wereblood                Tmut           ######..     1%          2
 Confusing Touch          Hex            #####...     1%          3
 Portal Projectile        Hex/Tloc       ######       1%          3
 Spider Form              Tmut/Pois      #####.....   1%          3
 Summon Guardian Golem    Hex/Summ       ######..     1%          3
 Tukima's Dance           Hex            #####...     1%          3
 Vampiric Draining        Necr           #####.....   1%          3
 Fulminant Prism          Conj/Hex       ########..   0%          4
 Hailstorm                Conj/Ice       ########     0%          4
 Sticky Flame             Conj/Fire      ########     0%          4
 Summon Ice Beast         Ice/Summ       #######.     0%          4
 Bolt of Magma            Conj/Fire/Erth #########.   0%          5
 Iskenderun's Battlesphe  Conj           ########     0%          5
 Lee's Rapid Deconstruct  Erth           #######...   0%          5
 Iron Shot                Conj/Erth      ########..   0%          6
 Starburst                Conj/Fire      #########.   0%          6
 Airstrike                Air            #####.....   1%          4
 Animate Dead             Necr           #####.....   1%          4
 Cause Fear               Hex            #####.....   1%          4
 Dispel Undead            Necr           #####...     1%          4
 Ice Form                 Ice/Tmut       #######.     1%          4
 Leda's Liquefaction      Hex/Erth       ######....   1%          4
 Olgreb's Toxic Radiance  Pois           #####...     1%          4
 Passage of Golubria      Tloc           N/A          1%          4
 Petrify                  Tmut/Erth      #######.     1%          4
 Summon Lightning Spire   Summ/Air       ######..     1%          4
 Alistair's Intoxication  Tmut/Pois      #####....    1%          5
 Blade Hands              Tmut           ######....   1%          5
 Borgnjor's Vile Clutch   Necr/Erth      ######....   1%          5
 Irradiate                Conj/Tmut      ########..   1%          5
 Lightning Bolt           Conj/Air       ########..   1%          5
 Metabolic Englaciation   Hex/Ice        #######...   1%          5
 Summon Demon             Summ           #######...   1%          5
 Summon Forest            Summ/Tloc      #######...   1%          5
 Summon Mana Viper        Hex/Summ       ######..     1%          5
 Yara's Violent Unravell  Hex/Tmut       #####.....   1%          5
 Conjure Ball Lightning   Conj/Air       ########..   1%          6
 Freezing Cloud           Conj/Ice/Air   ########..   1%          6
 Ozocubu's Refrigeration  Ice            #######...   1%          6
 Shadow Creatures         Summ           N/A          1%          6
 Simulacrum               Ice/Necr       #######...   1%          6
 Statue Form              Tmut/Erth      #######..    1%          6
 Malign Gateway           Summ/Tloc      #######...   1%          7
 Monstrous Menagerie      Summ           #######...   1%          7
 Summon Hydra             Summ           #######...   1%          7
 Agony                    Necr           #####...     2%          5
 Excruciating Wounds      Necr           #####.....   2%          5
 Silence                  Hex/Air        #####.....   2%          5
 Chain Lightning          Conj/Air       ########..   6%          8
 Hydra Form               Tmut           ######....   8%          6
 Haunt                    Necr/Summ      ######....   10%         7
 Summon Horrible Things   Summ           #######...   10%         8
 Eringya's Noxious Bog    Tmut/Pois      #####.....   11%         6
 Disjunction              Tloc           #######...   12%         8
 Invisibility             Hex            #####...     13%         6
 Death Channel            Necr           #####.....   14%         6
 Dragon Form              Tmut           ######....   38%         7
 Shatter                  Erth           #######...   45%         9
 Dragon's Call            Summ           #######...   82%         9
 Borgnjor's Revivificati  Necr           #####.....   99%         8
 Discord                  Hex            #####.....   99%         8
 Infestation              Necr           #####.....   99%         8
 Necromutation            Tmut/Necr      #####.....   99%         8
 Death's Door             Necr           #####.....   100%        9
 Tornado                  Air            #####.....   100%        9


Dungeon Overview and Level Annotations

Branches:
Dungeon (15/15)            Temple (0/1) D:6            Lair (6/6) D:10
  Swamp (4/4) Lair:4       Shoals (4/4) Lair:2        Slime (5/5) Lair:6
    Orc (2/2) D:11            Elf (3/3) Orc:2        Vaults (2/5) D:14
  Crypt (0/3) Vaults:2       Hell (visited)             Dis (7/7) Hell
    Geh (1/7) Hell            Coc (7/7) Hell            Tar (0/7) Hell
  Sewer (visited)         Ossuary (visited)           IceCv (visited)
Volcano (visited)
 Depths: D:15

Altars:
Cheibriados
Dithmenos
Kikubaaqudgha
Makhleb
Nemelex Xobeh
Okawaru
Qazlal
Ru
Sif Muna
Xom
The Shining One
Jiyva

Shops:
D:6 *   D:11 [(   Orc:2 *!!}   Elf:1 :*}=:   Elf:2 (

Portals:
Hell: Lair:6


Innate Abilities, Weirdness & Mutations

You cannot wear most types of armour.
You are very stealthy in the water. (Stealth+)
You are amphibious.
You can wear up to eight rings at the same time.
You can use your tentacles to constrict eight enemies at once.
Your skin changes colour to match your surroundings (Stealth+).
Your rubbery body absorbs attacks. (AC +1, EV +1)
You have a pair of small antennae on your head.
You have very sharp teeth.
One of your tentacles bears a spike.
You are agile. (Dex +2)
Scrolls take you a little longer to read.
You passively map a small area around you.
Your muscles are strong. (Str +2)
You are occasionally teleported next to monsters.
You evolve.
Your spells are a little easier to cast, but a little less powerful.


Message History

The hellion gestures at you.
The sphere of damnation explodes!
The damnation engulfs you!!
* * * LOW HITPOINT WARNING * * *
The damnation engulfs the hell hound!!
The hell hound dies!
The damnation engulfs the hell hog!!
The damnation engulfs the hell hound!
The hell hound dies!
The damnation engulfs the hell hound!!
The hell hound dies!
The damnation engulfs the hell hound!
The damnation engulfs the hell hog!!!
The hell hog breathes fire at you.
The fireball explodes!
The fireball engulfs you! You resist.
* * * LOW HITPOINT WARNING * * *
The fireball engulfs the hell hog.
The hell hog resists.
The fireball engulfs the hell hog.
The hell hog resists.
The fireball engulfs the hell hound.
The hell hound completely resists.
The fireball engulfs the hell hog.
The hell hog resists.
The hell hog breathes fire at you.
The fireball explodes!
The fireball engulfs you! You resist.
You die...

* , , * ..
.....##.# * ...
....#.. . , ,
Z...#...... .. ,
....#....., ...
*
,.....2...##....
....z.hh.h.n...
,
....2.h†hh.....
#.hh@†Z≈.... *
##.##h.§≈.## ≈ #
, ..≈h.#, * ,,
..≈h... *
**,..≈.##. ,
#...# , #.## *
## *


You could see 6 hell hogs, a hellion, a tormentor, 5 hell hounds, a necrophage,
a wight, a golden dragon zombie and an iron dragon skeleton.

Vanquished Creatures
  Antaeus (Coc:7)
  the Royal Jelly (Slime:5)
  Dispater (Dis:7)
  An ancient lich (Coc:1)
  Mara (Shoals:4)
  69 shard shrikes
  Geryon (Hell)
  Jory (Vaults:2)
  19 iron giants
  18 bone dragons
  8 Brimstone Fiends
  Jorgrun (Shoals:1)
  5 Tzitzimimeh
  72 Ice Fiends
  14 Hell Sentinels
  A lich (Coc:5)
  3 deep elf blademasters
  2 deep elf master archers (Elf:3)
  2 quicksilver dragons (Dis:3)
  4 krakens
  36 ancient champions
  5 Executioners
  Polyphemus (Shoals:2)
  31 acid blobs
  Kirke (Shoals:1)
  A sphinx (Vaults:2)
  A thorn hunter (Swamp:4)
  Donald (Orc:2)
  4 deep elf sorcerers
  16 azure jellies
  An orc warlord (Orc:1)
  10 iron dragons
  2 balrugs
  2 vault wardens
  A frost giant (IceCv)
  5 deep elf elementalists
  11 cacodemons
  3 elemental wellsprings
  3 very ugly things (Vaults:2)
  112 reapers
  A stone giant (Orc:2)
  5 ironheart preservers
  The ghost of Zarkath the Blocker, a journeyman DrAM of Dithmenos (Lair:4)
  2 war gargoyles (Hell)
  An entropy weaver (Vaults:1)
  8 deep elf demonologists
  4 vampire knights (Coc:1)
  10 bunyips
  Azrael (D:12)
  10 lorocyprocas
  3 dire elephants
  19 blizzard demons
  11 deep elf annihilators
  8 merfolk impalers
  4 green deaths
  3 eleionomae
  5 death oozes (Slime:5)
  6 deep elf death magi (Elf:3)
  3 deep elf high priests
  6 great orbs of eyes
  A mummy priest (Hell)
  4 yaktaur captains
  21 quicksilver dragon zombies
  2 fire dragons
  5 kraken zombies
  Josephine (Orc:2)
  A shambling mangrove (Swamp:4)
  5 hell beasts
  28 hydras
  2 vault guards (Vaults:1)
  7 quicksilver dragon skeletons
  3 ghost crabs
  A rakshasa (Vaults:2)
  4 boulder beetles
  2 merfolk avatars
  A catoblepas (Shoals:2)
  4 merfolk aquamancers
  29 ice dragons
  A death knight (Vaults:2)
  2 centaur warriors
  8 alligators
  An alligator snapping turtle (Shoals:4)
  8 two-headed ogres
  29 dancing weapons
  6 ogre magi
  The ghost of Necrophagist the Blocker, a novice FoFi of Okawaru (D:9)
  21 hell hogs
  11 death yaks
  5 orc high priests
  16 titan zombies
  21 deep elf knights
  Urug (Orc:1)
  6 sun demons
  4 goliath frogs
  5 iron golems
  7 soul eaters
  A fire crab (Lair:6)
  14 storm dragon zombies
  178 skeletal warriors
  A spark wasp zombie (Hell)
  5 titan skeletons
  14 sea snakes
  18 iron trolls
  14 hell knights
  6 ghost moth zombies
  10 storm dragon skeletons
  A quicksilver dragon simulacrum (Coc:3)
  30 anaconda zombies
  6 shadow demons
  8 golden dragon zombies
  4 sixfirhies (Hell)
  5 deep trolls (Vaults:2)
  10 swamp dragons
  8 spriggan druids
  An unseen horror (shapeshifter) (Vaults:2)
  5 wizards
  17 deep elf archers
  2 glowing orange brains
  3 bog bodies
  3 flayed ghosts
  An orange crystal statue (Vaults:1)
  6 ironbrand convokers
  5 phantasmal warriors
  A kraken simulacrum (Coc:7)
  65 deep elf magi
  7 orc knights
  18 harpies
  8 shadow dragon zombies
  8 necromancers
  10 iron dragon zombies
  11 anaconda skeletons
  15 fire giant zombies
  2 will-o-the-wisps
  3 golden dragon skeletons
  4 orc sorcerers
  8 shining eyes
  11 fauns
  An oklob plant (Lair:2)
  13 stone giant zombies
  11 wolf spider zombies
  117 slime creatures
  12 frost giant zombies
  11 cyclopes
  11 ugly things
  21 manticores
  9 shadow dragon skeletons
  9 iron dragon skeletons
  9 stone giant skeletons
  6 vault sentinels
  4 black mambas
  A spriggan zombie (Hell)
  29 elephants
  5 merfolk sirens
  9 dire elephant zombies
  3 titan simulacra
  8 frost giant skeletons
  5 water nymphs
  2 shock serpent zombies (Dis:7)
  85 rust devils
  3 torpor snails
  4 orange demons
  2 eyes of devastation
  7 fire giant skeletons
  A gargoyle (D:14)
  A shock serpent skeleton (Dis:6)
  An eye of devastation (shapeshifter) (Elf:1)
  2 molten gargoyles (Hell)
  6 dire elephant skeletons
  2 catoblepas zombies
  4 storm dragon simulacra
  A cane toad (shapeshifter) (Elf:2)
  6 centaur skeletons
  38 hellions
  7 rime drakes
  13 cane toads
  16 yaktaurs
  7 emperor scorpion zombies
  7 komodo dragons
  A white draconian zombie (Dis:7)
  An anaconda simulacrum (Coc:2)
  A demonic crawler (Hell)
  104 tormentors
  93 freezing wraiths
  A catoblepas skeleton (Coc:3)
  A golden dragon simulacrum (Coc:2)
  An alligator snapping turtle skeleton (Coc:1)
  32 merfolk
  79 ice devils
  A hellwing (Lair:6)
  A jumping spider (shapeshifter) (Elf:2)
  39 hydra zombies
  23 red devils
  8 harpy zombies
  4 trolls
  Grinder (D:3)
  4 tyrant leeches
  A sphinx simulacrum (Vaults:1)
  6 hornets
  2 bloated husks
  Prince Ribbit (D:6)
  16 polar bears
  6 wind drakes
  2 shadow dragon simulacra
  7 blink frogs (Lair:6)
  9 fire dragon zombies
  12 alligator zombies
  12 snapping turtles
  14 ettin zombies
  5 harpy skeletons
  2 deep troll zombies (Hell)
  6 hydra skeletons
  8 ice dragon zombies
  6 dream sheep
  A fire giant simulacrum (Coc:7)
  An iron dragon simulacrum (Coc:3)
  8 ettin skeletons
  A redback (Vaults:1)
  7 spriggans
  6 black mamba zombies
  4 fire dragon skeletons
  162 flying skulls
  2 stone giant simulacra
  Sigmund (D:2)
  7 ice dragon skeletons
  A spriggan (shapeshifter) (D:13)
  37 shadows
  5 air elementals
  38 wraiths
  28 water elementals
  3 wyverns
  A shock serpent simulacrum (Coc:4)
  3 alligator skeletons
  16 fire elementals
  55 yaks
  2 emperor scorpion simulacra
  2 dire elephant simulacra
  A fire bat (Volcano)
  5 golden eyes (Slime:5)
  7 basilisks
  A steam dragon (D:8)
  5 hogs (Shoals:1)
  2 vampire mosquitoes (Swamp:2)
  10 wargs
  A merfolk zombie (Coc:5)
  2 human zombies
  5 acid dragons
  A soldier ant (D:10)
  4 tengu zombies
  13 swamp worms
  26 cane toad zombies
  3 hydra simulacra
  15 water moccasins
  An infernal demonspawn zombie (Dis:7)
  A soldier ant (shapeshifter) (Vaults:2)
  123 hell hounds
  Duvessa (D:6)
  A black bear (shapeshifter) (Elf:1)
  3 black bears
  10 snapping turtle zombies
  52 orc warriors
  14 swamp drakes
  10 eyes of draining
  2 swamp dragon zombies
  3 sky beasts
  3 alligator simulacra
  13 necrophages
  2 fire dragon simulacra
  5 cane toad skeletons
  An ice dragon simulacrum (Coc:3)
  5 boggarts (Vaults:2)
  6 phantoms
  24 ice beasts
  6 manticore zombies
  3 swamp dragon skeletons
  25 ogres
  22 wolves
  3 snapping turtle skeletons
  12 centaurs
  2 manticore skeletons (Coc:3)
  10 big kobolds
  An earth elemental (Elf:1)
  An elf skeleton (Dis:7)
  31 bullfrogs
  Dowan (D:6)
  8 cane toad simulacra
  A troll zombie (Coc:3)
  8 scorpions
  7 killer bees
  A snapping turtle simulacrum (Coc:1)
  A howler monkey (D:7)
  62 wights
  10 electric eels
  3 crimson imps
  5 centaur zombies
  A lava snake (D:7)
  A bullfrog zombie (D:10)
  An elf simulacrum (Coc:5)
  11 hounds
  28 orc priests
  95 iron imps
  8 jellies
  4 iguanas
  Jessica (D:2)
  2 human skeletons
  Natasha (thrice) (D:2)
  36 orc wizards
  11 worker ants
  Terence (D:2)
  12 hell rats
  2 ogre zombies
  4 naga zombies
  2 hound zombies
  A naga skeleton (Coc:5)
  A hound skeleton (D:6)
  20 mummies
  A worker ant zombie (D:7)
  4 river rats
  A tengu simulacrum (Coc:3)
  13 adders
  8 gnolls
  3 shadow imps
  48 white imps
  3 ufetubi
  9 oozes (Sewer)
  An adder skeleton (D:4)
  3 worms
  2 dart slugs (D:1)
  6 leopard geckos
  110 orcs
  8 ball pythons
  2 giant cockroaches
  9 goblins
  5 hobgoblins
  6 jackals
  A quokka (D:3)
  4 bats
  4 frilled lizards
  A goblin skeleton (D:4)
  A goblin zombie (D:4)
  3 hobgoblin zombies (D:4)
  A jackal skeleton (D:7)
  32 kobolds
  A kobold zombie (D:4)
  An orc skeleton (Dis:2)
  2 orc zombies
  A quokka zombie (D:5)
  15 rats
  2 blocks of ice (Dis:1)
  A bush (Lair:1)
  A crawling corpse (Elf:3)
  A fire vortex (Hell)
  A foxfire (Dis:7)
  11 tentacles
3989 creatures vanquished.

Vanquished Creatures (collateral kills)
  A bone dragon (Coc:3)
  2 iron dragons
  A curse skull (Vaults:2)
  3 reapers
  An elemental wellspring (Coc:7)
  A deep elf death mage (Vaults:2)
  A fire dragon (Vaults:1)
  A yaktaur captain (Vaults:1)
  A rakshasa (Vaults:1)
  An ice dragon (Coc:5)
  A storm dragon zombie (Coc:2)
  A titan skeleton (Coc:7)
  A hell knight (Hell)
  5 iron golems (Dis:3)
  2 iron trolls (Dis:3)
  9 skeletal warriors
  3 anaconda zombies
  An ironbrand convoker (Vaults:1)
  A stone giant zombie (Dis:1)
  4 ugly things (Vaults:1)
  3 iron dragon zombies
  2 frost giant zombies
  A spriggan zombie (Hell)
  An iron dragon skeleton (Coc:5)
  A vault sentinel (Vaults:1)
  2 ice devils
  A freezing wraith (Hell)
  2 yaktaurs (Vaults:1)
  A tormentor (Dis:1)
  A red devil (Hell)
  A jumping spider (Vaults:1)
  A tengu simulacrum (Vaults:1)
  An alligator zombie (Coc:6)
  2 ice dragon zombies
  A shadow (Dis:1)
  7 flying skulls
  A redback (Vaults:1)
  A wraith (Dis:7)
  A yak (IceCv)
  2 hell hounds
  A phantom (Geh:1)
  An ice beast (Coc:6)
  2 human zombies (Vaults:1)
  A wight (Dis:1)
  A mummy (Dis:3)
  9 foxfires
  A tentacle (Coc:6)
90 creatures vanquished.

Vanquished Creatures (others)
  An ironbrand convoker (Vaults:1)
  A will-o-the-wisp (Swamp:1)
  An ugly thing (Vaults:1)
  An ice devil (Hell)
  2 polar bears (IceCv)
  A tyrant leech (Swamp:1)
  A flying skull (Coc:4)
  A water elemental (Elf:1)
  A wraith (Dis:2)
  5 hell hounds
  A necrophage (Geh:1)
  2 wights (Geh:1)
  A bullfrog zombie (D:12)
  A centaur skeleton (D:12)
  7 blocks of ice
  A crawling corpse (Elf:3)
  113 fire vortices
  1933 foxfires
  117 fungi
  185 plants
  47 tentacles
2423 creatures vanquished.

Grand Total: 6502 creatures vanquished

Notes
Turn   | Place    | Note
-------+----------+-------------------------------------------
     0 | D:1      | Conn the Octopode Fire Elementalist began the quest for the
                  | Orb.
     0 | D:1      | Reached XP level 1. HP: 11/11 MP: 3/3
   524 | D:1      | Reached XP level 2. HP: 17/17 MP: 0/5
  1183 | D:1      | Reached XP level 3. HP: 21/21 MP: 4/6
  1423 | D:2      | Found a sacrificial altar of Ru.
  1456 | D:2      | Noticed Jessica
  1463 | D:2      | Killed Jessica
  1595 | D:2      | Reached XP level 4. HP: 27/27 MP: 3/7
  1789 | D:2      | Learned a level 3 spell: Conjure Flame
  1793 | D:2      | Learned a level 3 spell: Inner Flame
  1891 | D:2      | Noticed Natasha
  1899 | D:2      | Killed Natasha
  2000 | D:2      | Found a sparkling altar of Nemelex Xobeh.
  2091 | D:2      | Noticed Sigmund
  2129 | D:2      | Killed Sigmund
  2129 | D:2      | Reached skill level 3 in Spellcasting
  2129 | D:2      | Reached XP level 5. HP: 28/31 MP: 1/10
  2129 | D:2      | Reached XP level 6. HP: 32/36 MP: 1/11
  2213 | D:2      | Noticed Natasha
  2226 | D:2      | Killed Natasha
  2363 | D:2      | Learned a level 4 spell: Sticky Flame
  2435 | D:2      | Noticed Natasha
  2445 | D:2      | Killed Natasha
  2661 | D:2      | Noticed Terence
  2674 | D:2      | Killed Terence
  2684 | D:2      | Found a faded altar of an unknown god.
  3025 | D:3      | You fall into a shaft and drop 2 floors!
  3025 | D:5      | Entered Level 5 of the Dungeon
  3046 | D:5      | Noticed a phantom
  3180 | D:5      | Killed a phantom
  3180 | D:5      | Reached skill level 1 in Short Blades
  3190 | D:5      | Reached XP level 7. HP: 3/42 MP: 9/12
  3353 | D:5      | Found a sand-covered staircase.
  3359 | Ossuary  | Entered an ossuary
  3494 | D:5      | Found a burning altar of Makhleb.
  3495 | D:5      | Found a stormy altar of Qazlal.
  3526 | D:4      | Reached skill level 5 in Fire Magic
  3636 | D:4      | Reached skill level 5 in Stealth
  3851 | D:4      | Found a glowing golden altar of the Shining One.
  3887 | D:4      | Reached skill level 4 in Spellcasting
  3954 | D:4      | Found a glowing drain.
  3967 | Sewer    | Entered a sewer
  4330 | Sewer    | Reached skill level 1 in Fighting
  4408 | Sewer    | Reached XP level 8. HP: 35/48 MP: 12/14
  5711 | D:3      | Noticed Grinder
  5781 | D:3      | Paralysed by Grinder for 4 turns
  5788 | D:3      | Killed Grinder
  5788 | D:3      | Reached skill level 5 in Spellcasting
  6116 | D:3      | Found a shadowy altar of Dithmenos.
  6119 | D:3      | Found an iron altar of Okawaru.
  6120 | D:3      | Found a shimmering blue altar of Sif Muna.
  6124 | D:3      | Became a worshipper of Sif Muna the Loreminder
  7054 | D:5      | Reached XP level 9. HP: 48/53 MP: 10/17
  7641 | D:5      | Reached skill level 5 in Conjurations
  8262 | D:6      | Found a staircase to the Ecumenical Temple.
  8361 | D:6      | Noticed a troll
  8365 | D:6      | Noticed Duvessa
  8668 | D:6      | Killed Duvessa
  8668 | D:6      | Reached skill level 6 in Spellcasting
  8670 | D:6      | Noticed Dowan
  8691 | D:6      | Killed a troll
  8694 | D:6      | Killed Dowan
  9035 | D:6      | Noticed Prince Ribbit
  9043 | D:6      | Killed Prince Ribbit
  9349 | D:6      | Found Diopeylo's Assorted Antiques.
  9579 | D:7      | Reached * piety under Sif Muna
  9775 | D:7      | Reached XP level 10. HP: 24/60 MP: 14/19
  9963 | D:7      | Learned a level 5 spell: Fireball
  9986 | D:7      | Reached skill level 1 in Evocations
 10797 | D:7      | Got a pitted flail
 10798 | D:7      | Identified the +5 flail "Orb Guardian's Death" {vorpal,
                  | rPois Str+4} (You found it on level 7 of the Dungeon)
 11102 | D:8      | Reached ** piety under Sif Muna
 11635 | D:8      | Found a shadowy altar of Dithmenos.
 12306 | D:9      | Reached skill level 7 in Spellcasting
 12555 | D:9      | Reached *** piety under Sif Muna
 13140 | D:9      | Noticed a two-headed ogre
 13207 | D:9      | Killed a two-headed ogre
 13207 | D:9      | Reached skill level 10 in Fire Magic
 13306 | D:9      | Found a runed translucent gate.
 13306 | D:9      | Found a runed translucent gate.
 13306 | D:9      | Found a runed translucent gate.
 13306 | D:9      | Noticed Necrophagist's ghost (novice FoFi)
 13357 | D:9      | Killed Necrophagist's ghost
 13357 | D:9      | Reached XP level 11. HP: 50/66 MP: 2/22
 13518 | D:10     | Entered Level 10 of the Dungeon
 14344 | D:10     | Got a brightly glowing tin ring
 14346 | D:10     | Identified the ring "Idio" {*Contam rC+ MR++ rCorr Dex-2}
                  | (You found it on level 10 of the Dungeon)
 14777 | D:10     | Found a staircase to the Lair.
 14919 | D:10     | Found a portal to a secret trove of treasure.
 14960 | D:10     | Noticed a green ugly thing
 14982 | D:10     | Killed a green ugly thing
 14982 | D:10     | Reached skill level 8 in Spellcasting
 15261 | Lair:1   | Entered Level 1 of the Lair of Beasts
 15263 | Lair:1   | Reached **** piety under Sif Muna
 15400 | Lair:1   | Noticed a four-headed hydra
 15404 | Lair:1   | Killed a four-headed hydra
 15406 | Lair:1   | Found a dark tunnel.
 15416 | Volcano  | Entered a volcano
 15644 | Lair:1   | Reached skill level 1 in Maces & Flails
 16473 | Lair:1   | Reached XP level 12. HP: 72/72 MP: 4/24
 16975 | Lair:2   | Reached skill level 5 in Dodging
 17913 | Lair:2   | Reached skill level 9 in Spellcasting
 18454 | Lair:2   | Found a staircase to the Shoals.
 19183 | Lair:3   | You fall into a shaft and drop 2 floors!
 19193 | Lair:5   | Reached skill level 5 in Fighting
 19388 | Lair:5   | Found a frozen archway.
 19470 | IceCv    | Entered an ice cave
 20249 | IceCv    | Reached XP level 13. HP: 79/83 MP: 26/26
 20260 | IceCv    | Reached ***** piety under Sif Muna
 20463 | IceCv    | Identified Micobru's Volume of Ashen Beguiling (Sif Muna
                  | gifted it to you in an ice cave)
 20463 | IceCv    | Received a gift from Sif Muna
 20469 | IceCv    | Learned a level 3 spell: Stone Arrow
 21392 | IceCv    | Noticed a frost giant
 21730 | IceCv    | Killed a frost giant
 22470 | Lair:5   | Learned a level 4 spell: Ice Form
 22485 | Lair:5   | Learned a level 6 spell: Freezing Cloud
 22538 | Lair:5   | Learned a level 5 spell: Irradiate
 22804 | Lair:5   | Reached skill level 1 in Ice Magic
 22910 | Lair:5   | Found a snail-covered altar of Cheibriados.
 23240 | Lair:4   | Reached skill level 1 in Throwing
 23364 | Lair:4   | Reached skill level 10 in Spellcasting
 23821 | Lair:4   | Found a runed translucent door.
 23822 | Lair:4   | Found a shimmering altar of Xom.
 23822 | Lair:4   | Noticed Zarkath's ghost (journeyman DrAM)
 24094 | Lair:4   | Reached XP level 14. HP: 92/92 MP: 4/28
 24696 | Lair:4   | Noticed a dire elephant
 24711 | Lair:4   | Reached skill level 10 in Conjurations
 25372 | Lair:4   | Learned a level 5 spell: Metabolic Englaciation
 26053 | Lair:4   | Killed a dire elephant
 26420 | Lair:4   | Found a staircase to the Swamp.
 27073 | Lair:6   | Entered Level 6 of the Lair of Beasts
 27220 | Lair:6   | Found a staircase to the Slime Pits.
 27220 | Lair:6   | Found a viscous altar of Jiyva.
 27433 | Lair:6   | Identified Sif Muna's Handbook of Ignition and Intoxication
                  | (Sif Muna gifted it to you on level 6 of the Lair of
                  | Beasts)
 27433 | Lair:6   | Received a gift from Sif Muna
 27437 | Lair:6   | Gained mutation: You are dopey. (Int -2) [potion of
                  | mutation]
 27437 | Lair:6   | Gained mutation: You can translocate small distances at
                  | will. [potion of mutation]
 28561 | Lair:6   | Noticed a dire elephant
 28620 | Lair:6   | Gained mutation: You are occasionally teleported next to
                  | monsters. [mutagenic glow]
 28776 | Lair:6   | Reached skill level 1 in Invocations
 29388 | D:10     | You paid a toll of 9 potions of haste to enter a treasure
                  | trove
 29389 | Trove    | Entered a treasure trove
 29394 | Trove    | Got a sparkling wooden ring
 29396 | Trove    | Identified the ring "Oputafosk" {rC+ Str+4} (You found it
                  | in a treasure trove)
 29398 | Trove    | Got a glittering lapis lazuli ring
 29400 | Trove    | Identified the ring "Onwis" {rElec rF+ MR- Dex+4} (You
                  | found it in a treasure trove)
 29402 | Trove    | Got a smoking silver ring
 29404 | Trove    | Identified the cursed ring "Ylothrath" {rPois rC- EV-4
                  | Str+10 Int-3} (You found it in a treasure trove)
 29415 | Trove    | Got a heavily runed wooden ring
 29417 | Trove    | Identified the ring "Ropramay" {+Fly MP+9 Str+5 Int-2
                  | Slay+2} (You found it in a treasure trove)
 29423 | Trove    | Got a steaming wooden ring
 29425 | Trove    | Identified the ring of Fixation {rCorr Str+4 Int+7 Dex+4}
                  | (You found it in a treasure trove)
 29427 | Trove    | Got a sparkling copper ring
 29429 | Trove    | Identified the ring of Summertime {Wiz rF+} (You found it
                  | in a treasure trove)
 29432 | Trove    | Got a sparkling lapis lazuli ring
 29434 | Trove    | Identified the ring of Muer Jysch {*Drain rElec rF- rN+++
                  | Int+6} (You found it in a treasure trove)
 29451 | Trove    | Got a scintillating iron ring
 29453 | Trove    | Identified the ring "Luoj" {MP+9 Int+6} (You found it in a
                  | treasure trove)
 29891 | D:11     | Found Xoevoga's Armour Boutique.
 29891 | D:11     | Found a staircase to the Orcish Mines.
 29891 | D:11     | Found Pihao's Weapon Boutique.
 29893 | D:11     | Upgraded the game from 0.26-a0-774-g1415c89e12 to
                  | 0.26-a0-784-g51bffae0b1
 30486 | D:11     | Identified the Almanac of Icy Black Secrets
 31070 | D:12     | Reached skill level 5 in Ice Magic
 31299 | D:11     | Learned a level 4 spell: Hailstorm
 31454 | D:12     | Noticed Azrael
 31604 | D:12     | Learned a level 1 spell: Freeze
 31990 | D:12     | Killed Azrael
 31990 | D:12     | Reached XP level 15. HP: 65/99 MP: 29/29
 32339 | D:12     | Identified Xovik's Collected Works on Virous Feathers (Sif
                  | Muna gifted it to you on level 12 of the Dungeon)
 32339 | D:12     | Received a gift from Sif Muna
 32585 | D:13     | Learned a level 2 spell: Blink
 32591 | D:13     | Lost mutation: You are dopey. (Int -2) [potion of mutation]
 32591 | D:13     | Lost mutation: You are occasionally teleported next to
                  | monsters. [potion of mutation]
 32591 | D:13     | Lost mutation: You can translocate small distances at will.
                  | [potion of mutation]
 32591 | D:13     | Gained mutation: Your magical capacity is low. (-10% MP)
                  | [potion of mutation]
 32591 | D:13     | Gained mutation: You are frail. (-10% HP) [potion of
                  | mutation]
 32591 | D:13     | Gained mutation: Your spells are a little harder to cast,
                  | but a little more powerful. [potion of mutation]
 32591 | D:13     | Gained mutation: You evolve. [potion of mutation]
 32840 | D:13     | Reached skill level 1 in Transmutations
 32939 | D:13     | Lost mutation: You are frail. (-10% HP) [evolution]
 34386 | D:14     | Found a gate to the Vaults.
 34742 | D:15     | Entered Level 15 of the Dungeon
 34744 | D:15     | Found an ancient bone altar of Kikubaaqudgha.
 35021 | Orc:1    | Entered Level 1 of the Orcish Mines
 35218 | Orc:2    | Entered Level 2 of the Orcish Mines
 35241 | Orc:2    | Noticed Donald
 35244 | Orc:2    | Identified Sif Muna's Volume of Harmful Flames (Sif Muna
                  | gifted it to you on level 2 of the Orcish Mines)
 35244 | Orc:2    | Received a gift from Sif Muna
 35246 | Orc:2    | Killed Donald
 35246 | Orc:2    | Reached skill level 11 in Spellcasting
 35783 | Orc:2    | Gained mutation: Your mind is acute. (Int +2) [evolution]
 35934 | Orc:2    | Reached skill level 5 in Maces & Flails
 36254 | Orc:2    | Noticed Josephine
 36258 | Orc:2    | Killed Josephine
 36993 | Orc:2    | Received a gift from Sif Muna
 37164 | Orc:2    | Found Luunot's Distillery.
 37165 | Orc:2    | Found Nead's Assorted Antiques.
 37166 | Orc:2    | Found Wokhlenom's Distillery.
 37169 | Orc:2    | Found Yxkergh's Gadget Shoppe.
 37172 | Orc:2    | Bought a potion of heal wounds for 60 gold pieces
 37172 | Orc:2    | Bought a potion of heal wounds for 60 gold pieces
 37172 | Orc:2    | Bought a potion of heal wounds for 60 gold pieces
 37172 | Orc:2    | Bought a potion of heal wounds for 60 gold pieces
 37172 | Orc:2    | Bought a potion of curing for 36 gold pieces
 37172 | Orc:2    | Bought a potion of curing for 36 gold pieces
 37172 | Orc:2    | Bought a potion of haste for 120 gold pieces
 37340 | Orc:2    | Found a staircase to the Elven Halls.
 37357 | Orc:1    | Noticed Urug
 37367 | Orc:1    | Killed Urug
 37367 | Orc:1    | Reached skill level 5 in Invocations
 37374 | Orc:1    | Noticed an orc warlord
 37401 | Orc:1    | Killed an orc warlord
 38221 | Elf:1    | Entered Level 1 of the Elven Halls
 38233 | Elf:1    | Reached XP level 16. HP: 58/106 MP: 0/28
 38234 | Elf:1    | Reached skill level 10 in Dodging
 38252 | Elf:1    | Reached skill level 1 in Translocations
 38350 | Elf:1    | Found Bugerhan's Book Shop.
 38560 | Elf:1    | Learned a level 6 spell: Iron Shot
 38808 | Elf:1    | Reached skill level 1 in Earth Magic
 39154 | Elf:1    | Found Vept's Jewellery Shop.
 39154 | Elf:1    | Found Ciec's Gadget Boutique.
 39156 | Elf:1    | Found Liduxkolug's Assorted Antiques.
 39157 | Elf:1    | Found Ekluah's Book Shop.
 39160 | Elf:1    | Bought an inconspicuous book for 480 gold pieces
 39163 | Elf:1    | Bought the ring of the Mage {Wiz MR++ Int+3} for 930 gold
                  | pieces
 39163 | Elf:1    | Found the ring of the Mage {Wiz MR++ Int+3}
 39171 | Elf:1    | Reached skill level 12 in Spellcasting
 39437 | Elf:1    | Identified the cursed +1 leather armour of the Mackerel
                  | {MR+++ Str-3}
 39442 | Elf:1    | Identified Sif Muna's Handbook of the Rocks and Battle
                  | Magic (Sif Muna gifted it to you on level 1 of the Elven
                  | Halls)
 39442 | Elf:1    | Received a gift from Sif Muna
 39629 | Elf:1    | Gained mutation: You are agile. (Dex +2) [evolution]
 39769 | Elf:2    | Identified a scroll of acquirement
 39769 | Elf:2    | Acquired an uncursed staff of conjuration
 39773 | Elf:3    | Entered Level 3 of the Elven Halls
 41338 | Elf:2    | Found Tuniqi's Weapon Shop.
 41534 | Elf:2    | Reached skill level 13 in Spellcasting
 42476 | Elf:2    | Got a fine falchion
 42477 | Elf:2    | Identified the +2 falchion of Luxury {vorpal, +Fly rC+
                  | Stlth+} (You found it on level 2 of the Elven Halls)
 42599 | Elf:2    | Reached XP level 17. HP: 72/111 MP: 30/30
 42615 | Elf:2    | Gained mutation: You can translocate small distances at
                  | will. [evolution]
 42743 | Elf:2    | Found a huge runed translucent gate.
 42743 | Elf:2    | Found a huge runed translucent gate.
 42743 | Elf:2    | Found a huge runed translucent gate.
 42743 | Elf:2    | Found a huge runed translucent gate.
 42743 | Elf:2    | Found a huge runed translucent gate.
 42959 | Elf:2    | Learned a level 5 spell: Iskenderun's Battlesphere
 43965 | Elf:2    | Noticed a deep elf blademaster
 43972 | Elf:2    | Killed a deep elf blademaster
 43972 | Elf:2    | Reached skill level 5 in Earth Magic
 43993 | Elf:2    | Identified Sif Muna's Handbook of the Rocks and Conjuration
                  | (Sif Muna gifted it to you on level 2 of the Elven Halls)
 43993 | Elf:2    | Received a gift from Sif Muna
 44206 | Elf:2    | Reached skill level 14 in Spellcasting
 45254 | Elf:3    | Learned a level 4 spell: Iskenderun's Mystic Blast
 45263 | Elf:3    | Learned a level 7 spell: Orb of Destruction
 45266 | Elf:3    | Learned a level 2 spell: Searing Ray
 46006 | Elf:3    | Noticed a deep elf blademaster
 46009 | Elf:3    | Noticed a deep elf blademaster
 46010 | Elf:3    | Killed a deep elf blademaster
 46016 | Elf:3    | Killed a deep elf blademaster
 46355 | Elf:3    | Reached skill level 1 in Shields
 46580 | Elf:3    | Identified the +12 scimitar of Pride {elec, rPois rN+ SInv}
 46580 | Elf:3    | Identified the +6 scale mail of Majestic Life {rPois}
 46580 | Elf:3    | Identified the ring of Impatience {rC+++ rCorr Str-3}
 46797 | Elf:3    | Reached skill level 15 in Spellcasting
 46797 | Elf:3    | Reached XP level 18. HP: 113/117 MP: 28/33
 46989 | Elf:3    | Noticed a deep elf master archer
 46996 | Elf:3    | Identified the +3 flail "Tifev" {vorpal, rF- rC+ Str+5}
 47399 | Elf:3    | Identified the +7 rapier of the Witching Bear {flame, Str+3
                  | Int+2}
 47410 | Elf:3    | Noticed a deep elf master archer
 47414 | Elf:3    | Killed a deep elf master archer
 47416 | Elf:3    | Killed a deep elf master archer
 47973 | Elf:3    | Identified the Almanac of the Voyage
 47975 | Elf:3    | Identified the Compendium of Stolen Souls
 47982 | Elf:3    | Identified the Incunabulum of Battle Magic
 48436 | Orc:1    | Learned a level 7 spell: Spellforged Servitor
 49664 | Lair:6   | Found a burning altar of Makhleb.
 50071 | Lair:6   | Found a gateway to Hell.
 50296 | Lair:6   | Reached skill level 5 in Shields
 50764 | Swamp:1  | Entered Level 1 of the Swamp
 50771 | Swamp:1  | Reached skill level 16 in Spellcasting
 50985 | Lair:4   | Reached skill level 15 in Fire Magic
 50997 | Lair:4   | Killed Zarkath's ghost
 51662 | Swamp:1  | Reached skill level 1 in Summonings
 52586 | Swamp:2  | Reached XP level 19. HP: 126/126 MP: 10/35
 53636 | Swamp:3  | Identified Xebiraut's Papyrus of the Dislocated Arsonist
                  | (Sif Muna gifted it to you on level 3 of the Swamp)
 53636 | Swamp:3  | Received a gift from Sif Muna
 53648 | Swamp:3  | Learned a level 8 spell: Ignition
 54256 | Swamp:4  | Entered Level 4 of the Swamp
 55826 | Swamp:4  | Got a decaying rune of Zot
 55993 | Shoals:1 | Entered Level 1 of the Shoals
 56718 | Shoals:1 | Reached skill level 15 in Conjurations
 56723 | Shoals:1 | Noticed Jorgrun
 56728 | Shoals:1 | Killed Jorgrun
 56766 | Shoals:1 | Noticed Kirke
 56966 | Shoals:1 | Killed Kirke
 57453 | Shoals:1 | Reached XP level 20. HP: 132/132 MP: 36/36
 57762 | Shoals:2 | Identified Sif Muna's Compendium of Sinister Attacks (Sif
                  | Muna gifted it to you on level 2 of the Shoals)
 57762 | Shoals:2 | Received a gift from Sif Muna
 57772 | Shoals:2 | Noticed Polyphemus
 57778 | Shoals:2 | Killed Polyphemus
 58943 | Shoals:2 | Identified the Reference Book on Sinister Bewitchment
 59667 | Shoals:3 | Reached skill level 10 in Shields
 60724 | Shoals:3 | Identified Sif Muna's Guide on Aerial Slavery (Sif Muna
                  | gifted it to you on level 3 of the Shoals)
 60724 | Shoals:3 | Received a gift from Sif Muna
 60902 | Shoals:3 | Got a scorched pewter amulet
 61305 | Shoals:4 | Entered Level 4 of the Shoals
 61703 | Shoals:4 | Reached skill level 1 in Staves
 61830 | Shoals:4 | Reached skill level 17 in Spellcasting
 62131 | Shoals:4 | Noticed Mara
 62137 | Shoals:4 | Noticed Conn's illusion
 62141 | Shoals:4 | Killed Mara
 62829 | Shoals:4 | Identified the amulet "Isuwap" {Faith rElec Int+4} (You
                  | found it on level 3 of the Shoals)
 62994 | Shoals:4 | Got a barnacled rune of Zot
 63275 | Hell     | Entered the Vestibule of Hell
 63275 | Hell     | Noticed Geryon
 63293 | Lair:6   | Identified Sif Muna's Catalogue of Feathery Evil (Sif Muna
                  | gifted it to you on level 6 of the Lair of Beasts)
 63293 | Lair:6   | Received a gift from Sif Muna
 63642 | Orc:2    | Bought 2 potions of heal wounds for 120 gold pieces
 63642 | Orc:2    | Bought a potion of haste for 120 gold pieces
 63642 | Orc:2    | Bought a potion of curing for 36 gold pieces
 63762 | Vaults:1 | Entered Level 1 of the Vaults
 63784 | Vaults:1 | Reached XP level 21. HP: 106/136 MP: 24/37
 64064 | Vaults:1 | Gained mutation: Scrolls take you a little longer to read.
                  | [mutagenic glow]
 64072 | Vaults:1 | Lost mutation: Your magical capacity is low. (-10% MP)
                  | [potion of mutation]
 64072 | Vaults:1 | Lost mutation: Your mind is acute. (Int +2) [potion of
                  | mutation]
 64072 | Vaults:1 | Lost mutation: Scrolls take you a little longer to read.
                  | [potion of mutation]
 64072 | Vaults:1 | Gained mutation: You have a pair of small antennae on your
                  | head. [potion of mutation]
 64075 | Vaults:1 | Reached skill level 1 in Long Blades
 64659 | Vaults:1 | Reached skill level 10 in Fighting
 64880 | Vaults:1 | Identified Sif Muna's Papyrus of Enchanting Companions (Sif
                  | Muna gifted it to you on level 1 of the Vaults)
 64880 | Vaults:1 | Received a gift from Sif Muna
 65607 | Vaults:1 | Found a sacrificial altar of Ru.
 66424 | Vaults:2 | Noticed Jory
 66561 | Vaults:2 | Killed Jory
 67026 | Vaults:2 | Identified Kubets's Reference Book on Evil Magic and
                  | Weightlessness (Sif Muna gifted it to you on level 2 of the
                  | Vaults)
 67026 | Vaults:2 | Received a gift from Sif Muna
 67162 | Vaults:2 | Found a staircase to the Crypt.
 68208 | D:14     | Learned a level 6 spell: Dispersal
 68483 | Slime:1  | Entered Level 1 of the Pits of Slime
 68485 | Slime:1  | Gained mutation: You are weak. (Str -2) [a shining eye]
 68610 | Slime:1  | Reached skill level 18 in Spellcasting
 68613 | Slime:1  | Identified Sif Muna's Disquisition on Transmutation (Sif
                  | Muna gifted it to you on level 1 of the Pits of Slime)
 68613 | Slime:1  | Received a gift from Sif Muna
 68619 | Slime:1  | Reached XP level 22. HP: 130/143 MP: 23/44
 69536 | Slime:2  | Gained mutation: You tend to lose your temper in combat. [a
                  | shining eye]
 69718 | Slime:2  | Found a viscous altar of Jiyva.
 69942 | Slime:3  | Gained mutation: Your body sometimes deteriorates upon
                  | taking damage. [a shining eye]
 69943 | Slime:3  | Identified Sif Muna's Disquisition on Slavery (Sif Muna
                  | gifted it to you on level 3 of the Pits of Slime)
 69943 | Slime:3  | Received a gift from Sif Muna
 71125 | Slime:4  | Gained mutation: Your body often deteriorates upon taking
                  | damage. [a shining eye]
 71554 | Slime:5  | Entered Level 5 of the Pits of Slime
 71576 | Slime:5  | Noticed the Royal Jelly
 71776 | Slime:5  | Received a gift from Sif Muna
 72039 | Slime:4  | Gained mutation: Your magical capacity is low. (-10% MP) [a
                  | shining eye]
 72041 | Slime:4  | Lost mutation: You are agile. (Dex +2) [a shining eye]
 72118 | Slime:4  | Found a viscous altar of Jiyva.
 72120 | Slime:4  | Lost mutation: You tend to lose your temper in combat.
                  | [potion of mutation]
 72120 | Slime:4  | Lost mutation: Your spells are a little harder to cast, but
                  | a little more powerful. [potion of mutation]
 72120 | Slime:4  | Lost mutation: You can translocate small distances at will.
                  | [potion of mutation]
 72120 | Slime:4  | Lost mutation: Your magical capacity is low. (-10% MP)
                  | [potion of mutation]
 72120 | Slime:4  | Gained mutation: You are agile. (Dex +2) [potion of
                  | mutation]
 72120 | Slime:4  | Lost mutation: You are weak. (Str -2) [potion of mutation]
 72120 | Slime:4  | Gained mutation: You are partially covered in thin metallic
                  | scales. (AC +2) [potion of mutation]
 72255 | Slime:5  | Killed the Royal Jelly
 72255 | Slime:5  | Reached skill level 19 in Spellcasting
 72640 | Slime:5  | Identified the Incunabulum of Supportive Envenoming
 72649 | Slime:5  | Identified Sif Muna's Handbook of Destructive Ice
 72707 | Slime:5  | Identified Lem Yle Gao's Catalogue of Execration and the
                  | Blaze
 72710 | Slime:5  | Identified Suthryke's Almanac of Flight and Hexes
 72742 | Slime:5  | Got a slimy copper ring
 72763 | Slime:5  | Got a slimy rune of Zot
 72784 | Slime:5  | Got an ancient silver amulet
 72803 | Slime:5  | Identified the amulet of Xere {Inacc rF+ Int+2 Stlth+} (You
                  | found it on level 5 of the Pits of Slime)
 72817 | Slime:5  | Identified the +5 hunting sling "Wuecytez" {speed, *Corrode
                  | *Slow rPois Int+8} (You found it on level 5 of the Pits of
                  | Slime)
 72831 | Slime:5  | Identified the ring "Judupp" {Fire MR- Str+4 SInv Stlth+}
                  | (You found it on level 5 of the Pits of Slime)
 72850 | Slime:5  | Learned a level 9 spell: Fire Storm
 74011 | Hell     | Gained mutation: You are dopey. (Int -2) [a neqoxec]
 74013 | Hell     | Reached XP level 23. HP: 98/148 MP: 18/46
 74837 | Hell     | Found a gateway to the decaying netherworld of Tartarus.
 75039 | Hell     | Found a gateway to the Iron City of Dis.
 75061 | Hell     | Reached skill level 5 in Translocations
 75255 | Hell     | Found a gateway to the ashen valley of Gehenna.
 75276 | Hell     | Killed Geryon
 75615 | Hell     | Found a gateway to the freezing wastes of Cocytus.
 75834 | Coc:1    | Entered Level 1 of Cocytus
 75834 | Coc:1    | Found a gateway to Hell.
 76660 | Coc:1    | Noticed an ancient lich
 76671 | Coc:1    | Killed an ancient lich
 77648 | Coc:1    | Received a gift from Sif Muna
 77966 | Coc:1    | Noticed a shard shrike
 77970 | Coc:1    | Killed a shard shrike
 77970 | Coc:1    | Reached skill level 20 in Spellcasting
 78060 | Coc:1    | Noticed a shard shrike
 78062 | Coc:1    | Killed a shard shrike
 78186 | Coc:2    | Found a gateway to Hell.
 78993 | Coc:1    | Reached XP level 24. HP: 154/154 MP: 3/47
 79015 | Coc:2    | Found a gateway to Hell.
 79400 | Coc:1    | Noticed a shard shrike
 79404 | Coc:1    | Killed a shard shrike
 79768 | Coc:1    | Noticed a shard shrike
 79768 | Coc:1    | Noticed a shard shrike
 79768 | Coc:1    | Noticed a shard shrike
 79768 | Coc:1    | Noticed a shard shrike
 79773 | Coc:1    | Killed a shard shrike
 79774 | Coc:1    | Killed a shard shrike
 79777 | Coc:1    | Killed a shard shrike
 79782 | Coc:1    | Killed a shard shrike
 79858 | Coc:1    | Identified Sif Muna's Catalogue of Congealing Transmutation
                  | (Sif Muna gifted it to you on level 1 of Cocytus)
 79858 | Coc:1    | Received a gift from Sif Muna
 80436 | Coc:1    | Noticed a shard shrike
 80439 | Coc:1    | Killed a shard shrike
 80641 | Coc:2    | Found a gateway to Hell.
 80869 | Coc:2    | Noticed a shard shrike
 80870 | Coc:2    | Killed a shard shrike
 81050 | Coc:2    | Noticed a shard shrike
 81051 | Coc:2    | Killed a shard shrike
 81138 | Coc:2    | Lost mutation: You are dopey. (Int -2) [evolution]
 81181 | Coc:2    | Noticed a shard shrike
 81186 | Coc:2    | Killed a shard shrike
 81414 | Coc:2    | Noticed a shard shrike
 81416 | Coc:2    | Killed a shard shrike
 81860 | Coc:2    | You fall into a shaft and drop 2 floors!
 81868 | Coc:4    | Found a gateway to Hell.
 82517 | Coc:2    | Noticed a shard shrike
 82943 | Coc:2    | Identified Byobeng's Disquisition on Calling and Execration
                  | (Sif Muna gifted it to you on level 2 of Cocytus)
 82943 | Coc:2    | Received a gift from Sif Muna
 83414 | Coc:2    | Reached XP level 25. HP: 156/165 MP: 34/47
 83559 | Coc:3    | Found a gateway to Hell.
 83752 | Coc:2    | Reached skill level 21 in Spellcasting
 83811 | Coc:2    | Noticed a shard shrike
 83816 | Coc:2    | Killed a shard shrike
 84750 | Coc:2    | Killed a shard shrike
 84961 | Coc:2    | Noticed a shard shrike
 84967 | Coc:2    | Killed a shard shrike
 85246 | Coc:3    | Received a gift from Sif Muna
 85257 | Coc:3    | Learned a level 8 spell: Lehudib's Crystal Spear
 85323 | Coc:3    | You fall into a shaft and drop 1 floor!
 85513 | Coc:4    | Noticed a shard shrike
 85513 | Coc:4    | Noticed a shard shrike
 85515 | Coc:5    | Found a gateway to Hell.
 85688 | Coc:3    | Found a gateway to Hell.
 85700 | Coc:3    | Noticed a shard shrike
 85703 | Coc:3    | Killed a shard shrike
 85970 | Coc:3    | Found a gateway to Hell.
 86208 | Coc:3    | Noticed a shard shrike
 86213 | Coc:3    | Killed a shard shrike
 86323 | Coc:3    | Noticed a shard shrike
 86341 | Coc:3    | Killed a shard shrike
 86609 | Coc:3    | Noticed a shard shrike
 86610 | Coc:3    | Killed a shard shrike
 86771 | Coc:3    | Noticed a shard shrike
 86775 | Coc:3    | Killed a shard shrike
 86787 | Coc:4    | Found a gateway to Hell.
 86787 | Coc:4    | Noticed a shard shrike
 86788 | Coc:4    | Received a gift from Sif Muna
 86792 | Coc:4    | Killed a shard shrike
 86960 | Coc:5    | Found a gateway to Hell.
 86963 | Coc:5    | Reached XP level 26. HP: 175/175 MP: 39/48
 86967 | Coc:5    | Killed a shard shrike
 87089 | Coc:5    | Noticed a shard shrike
 87089 | Coc:5    | Noticed a shard shrike
 87089 | Coc:5    | Noticed a shard shrike
 87091 | Coc:6    | Found a gateway to Hell.
 87091 | Coc:6    | Found a gateway to Hell.
 87101 | Hell     | Killed a shard shrike
 87101 | Hell     | Reached skill level 22 in Spellcasting
 87103 | Hell     | Killed a shard shrike
 87475 | Coc:4    | Found a gateway to Hell.
 88301 | Coc:3    | Received a gift from Sif Muna
 88371 | Coc:3    | Noticed a shard shrike
 88389 | Coc:3    | Killed a shard shrike
 88389 | Coc:3    | Reached skill level 10 in Ice Magic
 88710 | Coc:4    | Noticed a shard shrike
 88711 | Coc:4    | Killed a shard shrike
 89178 | Coc:4    | Noticed a shard shrike
 89179 | Coc:4    | Killed a shard shrike
 90066 | Coc:4    | Noticed a shard shrike
 90070 | Coc:4    | Killed a shard shrike
 90185 | Coc:4    | Noticed a shard shrike
 90187 | Coc:4    | Killed a shard shrike
 90332 | Coc:4    | Received a gift from Sif Muna
 90438 | Coc:4    | Killed a shard shrike
 90523 | Coc:5    | Killed a shard shrike
 90821 | Coc:5    | Noticed a shard shrike
 90823 | Coc:5    | Killed a shard shrike
 90823 | Coc:5    | Reached XP level 27. HP: 174/185 MP: 15/49
 91471 | Coc:5    | Gained mutation: You passively map a small area around you.
                  | [evolution]
 91479 | Coc:5    | Found a gateway to Hell.
 92078 | Coc:5    | Reached skill level 23 in Spellcasting
 92203 | Coc:5    | Identified Azuosegi's Guide on Supportive Necromancy (Sif
                  | Muna gifted it to you on level 5 of Cocytus)
 92203 | Coc:5    | Received a gift from Sif Muna
 92569 | Coc:5    | Reached skill level 15 in Fighting
 93372 | Coc:1    | Learned a level 7 spell: Summon Greater Demon
 93573 | Coc:2    | Reached skill level 5 in Summonings
 94245 | Coc:5    | Identified Sif Muna's Grimoire of Lightness and Evil (Sif
                  | Muna gifted it to you on level 5 of Cocytus)
 94245 | Coc:5    | Received a gift from Sif Muna
 94713 | Coc:6    | Found a gateway to Hell.
 96590 | Coc:6    | Reached skill level 5 in Evocations
 96879 | Coc:6    | Found a gateway to Hell.
 97809 | Coc:6    | Reached ****** piety under Sif Muna
 97945 | Coc:7    | Entered Level 7 of Cocytus
 97945 | Coc:7    | Found a gateway to Hell.
 97945 | Coc:7    | Found a gateway to Hell.
 97945 | Coc:7    | Found a gateway to Hell.
 98572 | Coc:3    | Reached skill level 15 in Shields
100477 | Coc:7    | Reached skill level 24 in Spellcasting
101812 | Coc:7    | Noticed Antaeus
102485 | Coc:7    | Identified the +9 morningstar of the Fray {speed, +Fly
                  | Dex+2} (You found it on level 7 of Cocytus)
102488 | Coc:7    | Identified the Disquisition on the Ensnaring Voyage
103866 | Coc:7    | Killed Antaeus
103866 | Coc:7    | Reached skill level 10 in Summonings
103975 | Coc:7    | Got an icy rune of Zot
103998 | Coc:7    | Reached skill level 10 in Evocations
104181 | Hell     | Learned a level 9 spell: Absolute Zero
104219 | Dis:1    | Entered Level 1 of the Iron City of Dis
104219 | Dis:1    | Found a gateway to Hell.
106760 | Dis:1    | Reached skill level 10 in Invocations
106921 | Dis:1    | Reached skill level 5 in Staves
107557 | Dis:2    | Found a gateway to Hell.
108044 | Dis:2    | Found a gateway to Hell.
108252 | Dis:2    | Found a gateway to Hell.
110129 | Dis:3    | Found a gateway to Hell.
110129 | Dis:3    | Found a gateway to Hell.
110577 | Dis:3    | Found a gateway to Hell.
110669 | Dis:3    | Reached skill level 15 in Ice Magic
111951 | Dis:3    | Gained mutation: You have an increased reservoir of magic.
                  | (+10% MP) [evolution]
112763 | Dis:3    | Reached skill level 25 in Spellcasting
113150 | Dis:4    | Found a gateway to Hell.
114035 | Dis:4    | Found a gateway to Hell.
114244 | Dis:4    | Found a gateway to Hell.
114918 | Dis:5    | Found a gateway to Hell.
115978 | Dis:5    | Found a gateway to Hell.
116019 | Dis:5    | Found a gateway to Hell.
117537 | Dis:5    | Found a gateway to Hell.
117808 | Dis:6    | Found a gateway to Hell.
117987 | Dis:6    | Found a gateway to Hell.
118100 | Dis:6    | Found a gateway to Hell.
119393 | Dis:6    | Reached skill level 15 in Dodging
119666 | Dis:6    | Reached skill level 10 in Staves
120702 | Dis:6    | Reached skill level 10 in Earth Magic
121092 | Dis:7    | Entered Level 7 of the Iron City of Dis
121092 | Dis:7    | Found a gateway to Hell.
121602 | Dis:7    | Found a gateway to Hell.
122135 | Dis:7    | Found a gateway to Hell.
124177 | Dis:7    | Got a twitching lead amulet
124178 | Dis:7    | Identified the amulet "Kelic" {Spirit Dex+4 SInv} (You
                  | found it on level 7 of the Iron City of Dis)
124181 | Dis:7    | Identified the +6 short sword of Hohuwk {antimagic, rN+}
                  | (You found it on level 7 of the Iron City of Dis)
124189 | Dis:7    | Got a glittering jade ring
124191 | Dis:7    | Identified the cursed ring "Hihy" {rN+ Dex-4 SInv} (You
                  | found it on level 7 of the Iron City of Dis)
124196 | Dis:7    | Upgraded the game from 0.26-a0-784-g51bffae0b1 to
                  | 0.26-a0-800-g517d6fe721
126155 | Dis:7    | Gained mutation: Scrolls take you a little longer to read.
                  | [a cacodemon]
126605 | Dis:7    | Gained mutation: You have very sharp teeth. [evolution]
126691 | Dis:7    | Identified the amulet of Leeggexo {Regen+ SInv}
126692 | Dis:7    | Lost mutation: Your body often deteriorates upon taking
                  | damage. [potion of mutation]
126692 | Dis:7    | Lost mutation: Your body sometimes deteriorates upon taking
                  | damage. [potion of mutation]
126692 | Dis:7    | Gained mutation: You are occasionally teleported next to
                  | monsters. [potion of mutation]
126692 | Dis:7    | Lost mutation: You are partially covered in thin metallic
                  | scales. (AC +2) [potion of mutation]
126692 | Dis:7    | Lost mutation: You have an increased reservoir of magic.
                  | (+10% MP) [potion of mutation]
126692 | Dis:7    | Gained mutation: One of your tentacles bears a spike.
                  | [potion of mutation]
126916 | Dis:7    | Gained mutation: Your muscles are strong. (Str +2) [a
                  | cacodemon]
127352 | Dis:7    | Gained mutation: Your spells are a little easier to cast,
                  | but a little less powerful. [a cacodemon]
127525 | Dis:7    | Identified the +4 staff of Dispater
127525 | Dis:7    | Noticed Dispater
128128 | Dis:7    | Killed Dispater
128231 | Dis:7    | Identified the Collected Works on Dark Arts and Lightness
128234 | Dis:7    | Got an iron rune of Zot
128245 | Dis:7    | Identified the +4 hand axe "Gaereale" {freeze, Fragile
                  | rPois Int+4} (You found it on level 7 of the Iron City of
                  | Dis)
128848 | Geh:1    | Entered Level 1 of Gehenna
128848 | Geh:1    | Found a gateway to Hell.
129126 | Geh:1    | HP: 7/195 [hellion/damnation (26)]
129126 | Geh:1    | HP: 1/195 [hell hog/fireball (6)]
129126 | Geh:1    | Killed from afar by a hell hog

Illustrated notes

Levels and vault maps discovered:
D:1:      nicolae_arrival_somewhat_less_tricky_arrival, layout_loops_ring,
          serial_bayou, serial_bayou_crossing, serial_bayou_pond_d,
          serial_bayou_lake_a, serial_bayou_shore_b
D:2:      layout_loops_corners, nicolae_ru_awakened_eye,
          chequers_ecumenical_altar_twisty, st_stairs_13, minivault_4,
          nemelex_lonely_heart_becter, uniq_sigmund, uniq_natasha, uniq_terence,
          uniq_jessica
D:3:      kennysheep_big_flooded_room, layout_basic, minitemple, uniq_grinder
D:4:      layout_loops_corners, nicolae_tso_besieged_by_evil, serial_forest,
          infiniplex_forest_lined_ring, infiniplex_forest_lined_4_way,
          infiniplex_forest_clump_curved, infiniplex_forest_lined_room_2,
          infiniplex_forest_end_double, infiniplex_forest_clump_long,
          infiniplex_forest_clump_small, infiniplex_forest_clump_tiny,
          infiniplex_forest_pool, cheibrodos_sewer_entry_bend
D:5:      kennysheep_six_static_rooms, layout_loops_ring,
          gammafunk_temple_overflow_statue, nicolae_ossuary_entry_plus
D:6:      layout_cave_pools, minmay_temple_entry_slanted, serial_shops,
          nicolae_shop_behind_doors, uniq_prince_ribbit1, uniq_duvessa
D:7:      layout_basic, grunt_decor_junction
D:8:      layout_basic, nicolae_two_hexagons, grunt_dithmenos_smoke_and_mirrors
D:9:      layout_big_octagon, ebering_ghost_rock_garden,
          chequers_serial_rivers_large_a, nicolae_water_bricks
D:10:     layout_long_grid, erik_lair_dragon, nicolae_trove_entry_diagonal
D:11:     layout_irregular_city, orc_david_3
D:12:     layout_basic, serial_glass, glass_columns_c, glass_columns_c,
          minmay_strange_pillars, item_on_display_b, minmay_strange_pillars,
          uniq_azrael
D:13:     layout_roguey
D:14:     layout_basic, david_vaults_2
D:15:     hangedman_depths_entry_civil_slaughter, layout_rooms,
          yredelemnul_altar_generic, basic_altar, uniq_roxanne
Lair:1:   layout_long_grid, nicolae_volcano_entry_two_sided, serial_bayou,
          serial_bayou_lagoon_a, serial_bayou_shore_a, serial_bayou_shore_b,
          serial_bayou_pond_a, serial_bayou_lagoon_b, serial_bayou_pond_d
Lair:2:   layout_chaotic_city, minmay_shoals_entry_beasts, pond,
          minmay_lair_oklob_chamber
Lair:3:   layout_chaotic_city, chequers_serial_rivers_room_a
Lair:4:   mu_elephants_graveyard, layout_layer_cave, palyth_hydra_swamp_entry,
          ebering_ghost_xom, infiniplex_staircase_pool_2
Lair:5:   layout_regular_city, portal_ice_cave_demonic_guard,
          kennysheep_snail_temple
Lair:6:   evil_forest, layout_hall_layers, slime_altar_1,
          chequers_serial_rivers_micro_d, grunt_megastairs_2, lemuel_fruit_tree
Swamp:1:  layout_falls_marsh, nicolae_swamp_very_dense_foliage, swamp_pool1
Swamp:2:  layout_basic_swamp, evilmike_swamp_ruin_rubble_1, st_swamp_ruins_2,
          infiniplex_staircase_pool
Swamp:3:  layout_basic_swamp, evilmike_swamp_ruin_wall, swamp_pool5
Swamp:4:  swamp, layout_basic_swamp, swamp_pool3
Shoals:1: layout_shoals, uniq_kirke, uniq_jorgrun
Shoals:2: layout_shoals, hangedman_shoals_cup_caves, uniq_polyphemus
Shoals:3: layout_shoals, nicolae_shoals_wave_tunnel
Shoals:4: shoals_end_hangedman, layout_shoals, uniq_mara
Slime:1:  layout_caves
Slime:2:  layout_caves, basic_altar
Slime:3:  layout_caves
Slime:4:  layout_caves, basic_altar, cheibrodos_slime_lost_civilization_4
Slime:5
Orc:1:    layout_caves, uniq_urug
Orc:2:    st_orc_mages, layout_caves, uniq_josephine, uniq_donald
Elf:1:    elf_arrival_002, layout_rooms, portal_desolation_entry_ruin,
          serial_shops, shop, kennysheep_underground_church, minmay_shoptagon
Elf:2:    layout_geoelf_diagonals, serial_shops, shop, lemuel_elevator,
          grunt_megastairs_5
Elf:3:    elf_hall, layout_gridlike
Vaults:1: nicolae_vaults_network_barrier, v_alt_pattern_3,
          nicolae_vaults_statue_guard, grunt_vaults_focal, v_misc_14,
          v_alt_pattern_6, nicolae_vaults_what_the_h,
          hangedman_vaults_variations, vaults_dpeg_diagonal, v_misc_9,
          vaults_room_hallway, hangedman_vaults_maws,
          ontoclasm_vaults_misaligned, layout_vaults_big_room, basic_altar
Vaults:2: minmay_crypt_entry_simple_statues, vaults_dpeg_ring, v_misc_15,
          v_misc_23, nicolae_vaults_sealed_display, v_misc_26,
          vaults_mumra_minichess_inversion, ontoclasm_vaults_decontamination,
          v_misc_4, v_misc_8, vaults_mumra_hexcomb, vaults_standard_mumra_lines,
          vaults_dpeg_cross, layout_vaults_big_cross, uniq_jory
Hell
Dis:1:    layout_jigsaw
Dis:2:    layout_subdivisions
Dis:3:    layout_regular_city, grunt_dis_stairs_iron_hall
Dis:4:    layout_jigsaw
Dis:5:    layout_subdivisions
Dis:6:    layout_jigsaw
Dis:7:    dis_st
Geh:1:    layout_gehenna_pools_triple
Coc:1:    layout_cocytus_water_paths, special_room [special_room_morgue]
Coc:2:    layout_ice_bergs
Coc:3:    layout_ice_bergs
Coc:4:    layout_cocytus_water_paths, hangedman_mysterious_dungeon_monster_house
Coc:5:    layout_cocytus_water_paths
Coc:6:    layout_cocytus_water_paths
Coc:7:    coc_dpeg

Skill      XL: |  1  2  3  4  5  6  7  8  9 10 11 12 13 14 15 16 17 18 19 20 21 22 23 24 25 26 27 |
---------------+----------------------------------------------------------------------------------+-----
Stealth        | 3 4 5 6 7 8 9 |  9.3
Spellcasting   | 3 4 5 6 7 8 9 10 11 13 15 16 17 18 19 20 21 22 25 | 25.9
Conjurations   | 2 3 4 5 7 8 9 10 11 12 13 14 15 16 17 18 19 20 22 | 22.5
Fire Magic     | 4 5 6 8 10 12 13 14 15 16 17 18 19 21 | 21.1
Short Blades   | 1 2 3 4 |  4.1
Fighting       | 1 2 3 5 7 8 9 10 11 13 14 17 | 17.8
Dodging        | 3 4 6 7 8 9 10 11 16 | 16.6
Evocations     | 1 2 10 | 10.0
Maces & Flails | 1 2 3 4 5 6 |  6.3
Ice Magic      | 2 5 6 7 9 10 15 | 15.6
Throwing       | 1 |  1.6
Invocations    | 2 5 10 | 10.5
Transmutations | 1 |  1.3
Translocations | 1 2 3 4 5 6 7 9 |  9.5
Earth Magic    | 3 5 6 12 | 12.7
Shields        | 2 5 9 11 12 13 14 18 | 18.8
Summonings     | 1 4 10 | 10.0
Staves         | 1 2 12 | 12.6
Long Blades    | 2 3 4 |  4.2
Unarmed Combat | |  0.2
Hexes          | |  0.1

Action                   |  1- 3 |  4- 6 |  7- 9 | 10-12 | 13-15 | 16-18 | 19-21 | 22-24 | 25-27 || total
-------------------------+-------+-------+-------+-------+-------+-------+-------+-------+-------++-------
Melee: Unarmed           |     8 |       |       |       |       |       |       |       |       ||     8
       Constrict         |     4 |     3 |    24 |    19 |    31 |    13 |    12 |    11 |   460 ||   577
       Tentacles         |     1 |     4 |    22 |    22 |    67 |    26 |    27 |    44 |  1199 ||  1412
       Dagger            |     4 |    26 |    98 |    61 |     7 |     1 |       |       |       ||   197
       Flail             |       |       |       |    59 |   222 |    56 |    23 |       |       ||   360
       Punch             |       |       |       |       |     3 |       |       |       |     6 ||     9
       Staff             |       |       |       |       |       |    19 |    42 |    75 |  3373 ||  3509
       Scimitar          |       |       |       |       |       |       |    17 |    47 |    19 ||    83
       Kick              |       |       |       |       |       |       |       |       |   107 ||   107
       Bite              |       |       |       |       |       |       |       |       |    40 ||    40
Throw: Dart              |       |       |     6 |     1 |     5 |     6 |       |       |     1 ||    19
 Cast: Foxfire           |    35 |    42 |   223 |   287 |   194 |    20 |    52 |    66 |   157 ||  1076
       Conjure Flame     |       |     1 |     5 |    16 |     8 |       |       |       |       ||    30
       Sticky Flame      |       |       |    21 |    81 |   113 |     5 |       |       |       ||   220
       Fireball          |       |       |       |    44 |   251 |   182 |   308 |   296 |   362 ||  1443
       Inner Flame       |       |       |       |     5 |     2 |       |       |       |       ||     7
       Stone Arrow       |       |       |       |       |     4 |    26 |       |       |       ||    30
       Irradiate         |       |       |       |       |    27 |     5 |       |       |       ||    32
       Hailstorm         |       |       |       |       |    10 |     4 |     1 |       |       ||    15
       Metabolic Englaci |       |       |       |       |     3 |       |       |       |       ||     3
       Freeze            |       |       |       |       |     6 |     5 |       |       |       ||    11
       Blink             |       |       |       |       |     2 |    14 |    12 |    20 |    72 ||   120
       Iron Shot         |       |       |       |       |       |    32 |    16 |     8 |     8 ||    64
       Orb of Destructio |       |       |       |       |       |    67 |   126 |    87 |   309 ||   589
       Iskenderun's Batt |       |       |       |       |       |     4 |       |       |       ||     4
       Iskenderun's Myst |       |       |       |       |       |    19 |    33 |    93 |   276 ||   421
       Searing Ray       |       |       |       |       |       |     7 |     2 |     3 |     2 ||    14
       Ignition          |       |       |       |       |       |       |    20 |    47 |   100 ||   167
       Spellforged Servi |       |       |       |       |       |       |     7 |     3 |    20 ||    30
       Dispersal         |       |       |       |       |       |       |       |     4 |     6 ||    10
       Fire Storm        |       |       |       |       |       |       |       |     9 |    73 ||    82
       Lehudib's Crystal |       |       |       |       |       |       |       |       |   343 ||   343
       Summon Greater De |       |       |       |       |       |       |       |       |    11 ||    11
       Absolute Zero     |       |       |       |       |       |       |       |       |     9 ||     9
Invok: Channel Magic     |       |       |       |       |     2 |     4 |     4 |     2 |    22 ||    34
       Forget Spell      |       |       |       |       |       |     3 |     1 |     2 |     2 ||     8
 Abil: Blink             |       |       |       |       |     3 |       |     3 |       |       ||     6
Evoke: Wand              |       |       |     9 |     5 |     3 |     8 |     6 |     1 |     2 ||    34
       Horn of Geryon    |       |       |       |       |       |       |       |     2 |     2 ||     4
  Use: Scroll            |     1 |     1 |     3 |    16 |    19 |    15 |     4 |     4 |    11 ||    74
       Potion            |       |     2 |     5 |     3 |    12 |    12 |     8 |     4 |    13 ||    59
 Stab: Sleeping          |     4 |     5 |     7 |    11 |    15 |     3 |       |     1 |    26 ||    72
       Invisible         |       |       |     1 |       |       |       |       |       |       ||     1
       Distracted        |       |       |       |       |     1 |     1 |       |       |     9 ||    11
Armor: Skin              |     3 |     2 |     6 |    28 |    41 |     4 |     6 |    17 |   190 ||   297
Dodge: Dodged            |    14 |    30 |   124 |   307 |   404 |    83 |   108 |   133 |   996 ||  2199
Block: Other             |       |       |       |    12 |   104 |    20 |       |       |       ||   136
       Reflection        |       |       |       |       |     6 |     9 |       |       |       ||    15
       Kite shield       |       |       |       |       |       |    76 |   230 |   363 |  3211 ||  3880
       Rpst.: Scimitar   |       |       |       |       |       |       |     5 |     5 |       ||    10

Table legend: (Time is in decaauts)
 A = Elapsed time spent in this place.
 B = Non-inter-level travel time spent in this place.
 C = Inter-level travel time spent in this place.
 D = Time resting spent in this place.
 E = Time spent auto-exploring this place.
 F = Levels seen in this place.
 G = Mean time per level.
                   A        B        C        D        E       F      G
               +--------+--------+--------+--------+--------+-----+--------+
         Total | 128664 | 124708 |   3956 |  44707 |  45737 |  62 | 2075.2 |
       Dungeon |  20738 |  19229 |   1509 |   3935 |   9948 |  15 | 1382.5 |
          Lair |  15919 |  14661 |   1258 |   5002 |   5783 |   6 | 2653.2 |
         Swamp |   4597 |   4400 |    197 |   1355 |   2247 |   4 | 1149.2 |
        Shoals |   6829 |   6707 |    122 |   1889 |   3535 |   4 | 1707.2 |
    Slime Pits |   5076 |   5013 |     63 |   2136 |   1559 |   5 | 1015.2 |
  Orcish Mines |   3410 |   3262 |    148 |   1151 |   1016 |   2 | 1705.0 |
   Elven Halls |  10061 |   9968 |     93 |   5573 |   2205 |   3 | 3353.7 |
        Vaults |   4417 |   4323 |     94 |   1601 |   1487 |   2 | 2208.5 |
          Hell |   7522 |   7522 |      0 |   5471 |    710 |   1 | 7522.0 |
           Dis |  23607 |  23324 |    283 |   7068 |   9094 |   7 | 3372.4 |
       Gehenna |    113 |    113 |      0 |      0 |     33 |   1 |  113.0 |
       Cocytus |  22542 |  22357 |    185 |   7390 |   7524 |   7 | 3220.3 |
         Trove |     65 |     65 |      0 |      0 |      0 |   1 |   65.0 |
         Sewer |    787 |    787 |      0 |    122 |    395 |   1 |  787.0 |
       Ossuary |      6 |      6 |      0 |      0 |      0 |   1 |    6.0 |
      Ice Cave |   2914 |   2914 |      0 |   2012 |    200 |   1 | 2914.0 |
       Volcano |     51 |     51 |      0 |      0 |      0 |   1 |   51.0 |
               +--------+--------+--------+--------+--------+-----+--------+

Top non-repeatable levels by time:
    Hell: 7522 daAuts
   Dis:7: 7451 daAuts
   Elf:2: 4895 daAuts
  Lair:4: 4026 daAuts
  Lair:6: 3747 daAuts
   Coc:5: 3716 daAuts
   Coc:1: 3541 daAuts
   Coc:3: 3525 daAuts
   Dis:1: 3347 daAuts
   Coc:2: 3301 daAuts
   Dis:6: 3163 daAuts
  Lair:5: 2969 daAuts
   Coc:4: 2936 daAuts
   IceCv: 2914 daAuts
   Coc:6: 2829 daAuts
